 Dungeon Crawl Stone Soup version 0.30.0-29-ga12c61a403 (webtiles) character file.

Game seed: 3907185844595835475

37 belegose the Ruffian (level 3, -2/35 HPs)
             Began as a Troll Warper on June 12, 2023.
             Slain by a gnoll
             ... wielding a +0 whip
              (7 damage)
             ... on level 1 of the Dungeon.
             The game lasted 00:02:04 (853 turns).

belegose the Ruffian (Troll Warper)                  Turns: 853, Time: 00:02:05

Health: -2/35      AC:  4    Str: 21    XL:     3   Next: 23%
Magic:  3/3        EV:  5    Int:  9    God:
Gold:   57         SH:  0    Dex:  9    Spells: 4/4 levels left

rFire   . .          .
                       - Unarmed
rCold   . . .        (no shield)
rNeg    . . .        a - +0 robe
rPois   .            (helmet restricted)
rElec   .            (no cloak)
rCorr   .            (gloves unavailable)
SInv    .            (boots unavailable)
Will    .....        (no amulet)
Stlth   +            (no ring)
HPRegen 1.05/turn    (no ring)
MPRegen 0.08/turn

%: no passive effects
@: mighty, held
A: large, unfitting armour, claws 3, regeneration 1, shaggy fur 1, tough skin 1
a: no special abilities


You were on level 1 of the Dungeon.
You visited 1 branch of the dungeon, and saw 2 of its levels.

You collected 57 gold pieces.

Inventory:

Missiles
 c - 7 boomerangs of dispersal
 g - 6 poisoned darts (quivered)
Armour
 a - a +0 robe (worn)
Scrolls
 b - a scroll of blinking
 e - a scroll of fear {unknown}
 f - a scroll of vulnerability {unknown}


   Skills:
 + Level 2.1 Fighting
 + Level 1.7 Throwing
 - Level 1.9 Dodging
 + Level 2.6 Unarmed Combat
 - Level 1.2 Spellcasting
 - Level 2.1 Translocations


You had 4 spell levels left.
You didn't know any spells.
Your spell library contained the following spells:

 Spells                   Type           Power      Damage    Failure   Level
 Blink                    Tloc           8%         N/A       22%         2
 Lesser Beckoning         Tloc           8%         N/A       22%         2
 Teleport Other           Tloc           4%         N/A       41%         3
 Vhi's Electric Charge    Tloc/Air       4%         N/A       56%         3
 Manifold Assault         Tloc           4%         N/A       82%         4


Dungeon Overview and Level Annotations

Branches:
Dungeon (2/15)

Altars:


Innate Abilities, Weirdness & Mutations

You are too large for most types of armour.
You have claws for hands.
Your natural rate of healing is unusually fast.
You are covered in fur. (AC +1)
You have tough skin. (AC +1)


Message History

Done exploring.
Done exploring.
Unknown command.
You see here 2 stones.
There is a stone staircase leading down here.
You climb downwards.
The gnoll shouts! x3; You hear a shout!
Found 17 gold pieces.
There is a stone staircase leading up here.
The bat hits you. The bat barely misses you. The gnoll hits you with a +0 whip.
The bat hits you but does no damage. The gnoll hits you with a +0 spear!
You climb upwards.
There is a stone staircase leading down here.
Unknown command.
The gnoll attacks as you move away! The gnoll hits you with a +0 spear.
The bat barely misses you.
The gnoll hits you from afar with a +0 spear.
The bat hits you but does no damage. The bat hits you.
The gnoll throws a throwing net.
The throwing net hits you.
You become entangled in the net!
You see here a throwing net.
You struggle against the net.
The bat hits you but does no damage. The gnoll hits you with a +0 whip.
It was a potion of might.
You feel very mighty all of a sudden. The gnoll barely misses you.
The gnoll hits you from afar with a +0 spear.
You struggle against the net.
The bat hits you but does no damage. The gnoll closely misses you.
The gnoll hits you from afar with a +0 spear!
* * * LOW HITPOINT WARNING * * *
Unknown command.
You struggle against the net.
The bat hits you but does no damage. The gnoll hits you with a +0 whip.
* * * LOW HITPOINT WARNING * * *
The gnoll hits you but does no damage.
Unknown command.
You struggle against the net.
The bat hits you but does no damage. The gnoll hits you with a +0 whip!
You die...

#..# #...).....#.###..#..######.#
#..# ###.###+#.#.###..#.......#.#
#..#####.###.#.....)..##.####.#.#
...............).###.###.####.#.#
......##.#....................#.#
...##.##.######.#.######.####.#.#
......##.######...>.............#
.................gg......####.###
.####..#.#####.b@.###..).# #.# .#
#..#.# #..#.# #....# #.#
.####..#.#####..#.# #....# #.#
................#.###....# #.#
.####..#.####......)'....# #.#
................#####....# #.#
.........##......# #....# #.#
.##.##.#.##.#....# #...## #.#
.##....#.##.#....######## #.#


You could see 2 gnolls and a bat.

Vanquished Creatures
  A dart slug (D:1)
  3 bats (D:1)
  3 endoplasms (D:1)
  3 giant cockroaches (D:1)
  2 goblins (D:1)
  4 hobgoblins (D:1)
  2 jackals (D:1)
  3 quokkas (D:1)
  2 ball pythons (D:1)
  3 kobolds (D:1)
  5 rats (D:1)
31 creatures vanquished.

Notes
Turn   | Place    | Note
-------+----------+-------------------------------------------
     0 | D:1      | belegose the Troll Warper began the quest for the Orb.
     0 | D:1      | Reached XP level 1. HP: 19/19 MP: 1/1
    76 | D:1      | Reached skill level 1 in Throwing
    91 | D:1      | Reached XP level 2. HP: 23/28 MP: 2/2
   474 | D:1      | Reached XP level 3. HP: 35/35 MP: 3/3
   853 | D:1      | Slain by a gnoll

Illustrated notes

Levels and vault maps discovered:
D:1:      lemuel_arrival_cross, layout_basic, chequers_jeans, item_on_display_a
D:2:      layout_loops_ring, ebering_ecumenical_altar_rust, uniq_sigmund

Skill      XL: |  1  2 |
---------------+-------+-----
Throwing       | 1 |  1.7
Fighting       | 2 |  2.1
Dodging        | |  1.9
Unarmed Combat | |  2.6
Spellcasting   | |  1.2
Translocations | |  2.1

Action                     || total
---------------------------++-------
  Melee: Unarmed           ||    85
         Punch             ||     3
    Use: Potion            ||     1
   Stab: Sleeping          ||     1
 Armour: Robe              ||    57
  Dodge: Dodged            ||    43
